 Dungeon Crawl Stone Soup version 0.22-a0-322-g60b3cfd (webtiles) character file.

1484 Amnesiac the Zephyrmancer (level 8, 0/48 HPs)
             Began as a Tengu Air Elementalist on Apr 2, 2018.
             Slain by an orc
             ... wielding a +0 flail
              (5 damage)
             ... on level 5 of the Dungeon.
             The game lasted 00:09:26 (5653 turns).

Amnesiac the Zephyrmancer (Tengu Air Elementalist)  Turns: 5653, Time: 00:09:27

Health: 0/48       AC:  3    Str:  9    XL:     8   Next: 79%
Magic:  1/17       EV: 19    Int: 17    God:
Gold:   190        SH:  0    Dex: 15    Spells: 10/17 levels left

rFire    . . .     SeeInvis .   x - +2 long sword (slice)
rCold    . . .     Gourm    .   (no shield)
rNeg     . . .     Faith    .   a - +0 robe
rPois    .         Spirit   .   (helmet restricted)
rElec    .         Reflect  .   (no cloak)
rCorr    .         Harm     .   l - +0 pair of gloves
MR       .....                  (boots unavailable)
Stlth    ++........             (no amulet)
HPRegen  0.16/turn              (no ring)
MPRegen  0.15/turn              (no ring)

@: flying quickly and evasively, quick
A: beak, talons 3, able to fly 1
a: no special abilities


You were on level 5 of the Dungeon.
You were very hungry.

You visited 1 branch of the dungeon, and saw 5 of its levels.
You also visited: Sewer.

You collected 190 gold pieces.

Inventory:

Hand Weapons
 x - a +2 long sword of slicing (weapon)
Armour
 a - a +0 robe (worn)
 l - a +0 pair of gloves (worn)
Jewellery
 B - a cursed -3 ring of evasion {unknown}
Wands
 s - a wand of polymorph (11)
 u - a wand of iceblast (5)
Scrolls
 b - a scroll of immolation {!r, unknown}
 g - 10 scrolls of identify {!r, unknown}
 h - a scroll of fog {!r, unknown}
 i - 2 scrolls of remove curse {!r, unknown}
 j - 4 scrolls of teleportation {!r, unknown}
 p - 2 scrolls of enchant armour {!r, unknown}
 q - a scroll of fear {!r, unknown}
 v - 2 scrolls of amnesia {!r, unknown}
 w - a scroll of blinking {!r, unknown}
 y - 2 scrolls of noise {!r, unknown}
Potions
 d - 2 potions of haste {!q, unknown}
 e - a potion of agility {!q, unknown}
 f - a potion of curing {!q, unknown}
 k - a potion of cancellation {!q, unknown}
 m - a potion of magic {!q, unknown}
 n - a potion of invisibility {!q, unknown}
 o - a potion of resistance {!q, unknown}
 r - 2 potions of heal wounds {!q, unknown}
 t - a potion of lignification {!q, unknown}
 A - a potion of degeneration {!q, unknown}
Comestibles
 c - 5 rations


   Skills:
 + Level 3.8 Fighting
 * Level 6.7 Dodging
 - Level 2.0 Stealth
 + Level 5.4 Spellcasting
 - Level 1.3 Conjurations
 - Level 8.2 Air Magic


You had 10 spell levels left.
You knew the following spells:

 Your Spells              Type           Power        Failure   Level  Hunger
a - Shock                 Conj/Air       ###.         1%          1    None
d - Airstrike             Air            ####......   4%          4    ####...
z - Swiftness             Chrm/Air       ###.....     3%          2    #......


Dungeon Overview and Level Annotations

Branches:
Dungeon (5/15)
 Temple: D:4-7

Altars:
Ashenzari
Kikubaaqudgha
Yredelemnul

Shops:
D:5 (

Annotations:
D:5 xccam's ghost, novice FoFi


Innate Abilities, Weirdness & Mutations

You have a beak for a mouth.
You have claws for feet.
You can fly.


Message History

An orc comes into view. It is wielding a flail.
There is a stone staircase leading up, spattered with blood here.
Found a basalt altar of Yredelemnul.
Casting: Airstrike (safe; 4% risk of failure)
Confirm with . or Enter, or press ? or * to list all spells.
Aiming: Airstrike (safe; 4% risk of failure)
Press: ? - help, Dir - move target cursor, f - xccam's ghost
Aim: xccam's ghost The air twists around and violently strikes xccam's ghost!
Xccam's ghost is lightly damaged.
Casting: Airstrike (safe; 4% risk of failure)
Confirm with . or Enter, or press ? or * to list all spells.
Aiming: Airstrike (safe; 4% risk of failure)
Press: ? - help, Dir - move target cursor, f/p - xccam's ghost
Aim: xccam's ghost (lightly damaged)
The air twists around and violently strikes xccam's ghost!
Xccam's ghost is moderately damaged.
Xccam's ghost hits you!
Casting: Airstrike (safe; 4% risk of failure)
Confirm with . or Enter, or press ? or * to list all spells.
Aiming: Airstrike (safe; 4% risk of failure)
Press: ? - help, Dir - move target cursor, f/p - xccam's ghost
Aim: xccam's ghost (moderately damaged)
The air twists around and violently strikes xccam's ghost!
Xccam's ghost is heavily damaged.
You are feeling very hungry.
Xccam's ghost closely misses you.
Casting: Airstrike (safe; 4% risk of failure)
Confirm with . or Enter, or press ? or * to list all spells.
Aiming: Shock (safe; 1% risk of failure)
Press: ? - help, Shift-Dir - straight line, f/p - xccam's ghost
Aim: xccam's ghost (heavily damaged)
The zap hits xccam's ghost.
Xccam's ghost is heavily damaged.
The zap misses xccam's ghost.
Xccam's ghost hits you but does no damage.
Casting: Shock (safe; 1% risk of failure)
Confirm with . or Enter, or press ? or * to list all spells.
Aiming: Shock (safe; 1% risk of failure)
Press: ? - help, Shift-Dir - straight line, f/p - xccam's ghost
Aim: xccam's ghost (heavily damaged)
The zap hits xccam's ghost.
Xccam's ghost appears unharmed.
Xccam's ghost is heavily damaged.
The zap hits xccam's ghost.
Xccam's ghost appears unharmed.
Xccam's ghost is heavily damaged.
Xccam's ghost closely misses you.
Casting: Shock (safe; 1% risk of failure)
Confirm with . or Enter, or press ? or * to list all spells.
Aiming: Shock (safe; 1% risk of failure)
Press: ? - help, Shift-Dir - straight line, f/p - xccam's ghost
Aim: xccam's ghost (heavily damaged)
The zap hits xccam's ghost.
Xccam's ghost is severely damaged.
The zap hits xccam's ghost.
Xccam's ghost appears unharmed.
Xccam's ghost is severely damaged.
Xccam's ghost hits you. Xccam's ghost hits you!
* * * LOW HITPOINT WARNING * * *
An iguana comes into view.
The iguana hisses angrily.
Xccam's ghost hits you!
* * * LOW HITPOINT WARNING * * *
The orc hits you with a flail.
You die...

## .### # (# ...##### #....
# ##.....############## .#
.#####.........##...###.#
...# #.......#........l.##..
...###..#.#.....@oW.........
##..............#.......P.P.
#.####...#..##.........._..
##.# #..###...#........P.P.
...## #..#####..#..)........
....###.<.# ##.......######
.....##.#.# #..[....#
...#....#)#####..##.>.#
...#..###[....#).........


You could see an iguana, xccam's ghost and an orc.

Vanquished Creatures
  The ghost of xccam the Cleaver, a novice FoFi of Cheibriados (D:4)
  Eustachio (D:4)
  2 ogres
  4 big kobolds (Sewer)
  An orc wizard (D:5)
  2 hounds
  2 orc priests (D:5)
  2 worker ants (D:4)
  Natasha (thrice) (D:3)
  A hound skeleton (D:4)
  Robin (D:4)
  17 adders
  6 river rats (Sewer)
  3 oozes (Sewer)
  5 worms
  2 dart slugs (D:1)
  7 orcs
  7 giant cockroaches
  6 hobgoblins
  5 jackals (D:3)
  2 quokkas
  2 ball pythons
  2 bats (D:1)
  A frilled lizard (D:2)
  11 goblins
  5 kobolds
  2 leopard gecko skeletons (D:4)
  6 rats
109 creatures vanquished.

Notes
Turn   | Place    | Note
-------+----------+-------------------------------------------
     0 | D:1      | Amnesiac the Tengu Air Elementalist began the quest for the Orb.
     0 | D:1      | Reached XP level 1. HP: 10/10 MP: 4/4
   804 | D:1      | Reached XP level 2. HP: 15/15 MP: 1/6
   839 | D:1      | Learned a level 2 spell: Swiftness
  1425 | D:2      | Reached skill level 5 in Air Magic
  1521 | D:2      | Found a shattered altar of Ashenzari.
  1595 | D:2      | Reached XP level 3. HP: 19/19 MP: 5/7
  1796 | D:3      | Reached XP level 4. HP: 12/24 MP: 0/9
  1809 | D:3      | Learned a level 4 spell: Airstrike
  1824 | D:3      | Found an ancient bone altar of Kikubaaqudgha.
  1900 | D:3      | Found a faded altar of an unknown god.
  2034 | D:3      | Reached skill level 6 in Air Magic
  2087 | D:3      | Found a glowing drain.
  2136 | D:3      | Gained mutation: You can fly. [Tengu growth]
  2136 | D:3      | Reached XP level 5. HP: 2/28 MP: 1/10
  2412 | Sewer    | Entered a sewer
  2589 | Sewer    | Noticed a big kobold
  2598 | Sewer    | Killed a big kobold
  2598 | Sewer    | Reached skill level 7 in Air Magic
  2663 | Sewer    | Reached XP level 6. HP: 28/32 MP: 7/12
  2740 | Sewer    | Reached skill level 8 in Air Magic
  3277 | Sewer    | Reached XP level 7. HP: 36/37 MP: 7/14
  3281 | Sewer    | Reached skill level 1 in Fighting
  3735 | D:3      | Noticed Natasha
  3745 | D:3      | Killed Natasha
  4060 | D:4      | Noticed Eustachio
  4081 | D:4      | Killed Eustachio
  4106 | D:4      | Noticed Robin
  4121 | D:4      | Killed Robin
  4225 | D:4      | Noticed xccam's ghost (novice FoFi)
  4251 | D:4      | Killed xccam's ghost
  4251 | D:4      | Reached skill level 5 in Dodging
  4251 | D:4      | Reached XP level 8. HP: 44/45 MP: 0/16
  4514 | D:4      | Reached skill level 5 in Spellcasting
  4761 | D:5      | Entered Level 5 of the Dungeon
  4850 | D:5      | Found Foneky's Antique Weapon Emporium.
  4910 | D:5      | Noticed xccam's ghost (novice FoFi)
  5286 | D:3      | Noticed Natasha
  5293 | D:3      | Killed Natasha
  5316 | D:3      | Noticed Natasha
  5319 | D:3      | Killed Natasha
  5641 | D:5      | Found a basalt altar of Yredelemnul.
  5653 | D:5      | Slain by an orc

Vault maps used:
D:1:      nzn_arrival_crosshair, minmay_misc_feat_doors, serial_bayou_crossing
D:2:      evilmike_ruin_ashenzari
D:3:      old_standard_altar, chequers_ecumenical_altar_simple,
          gup_sewer_entry_glass, first_ration, uniq_natasha
D:4:      kennysheep_donut, minmay_ruptured, uniq_robin, uniq_eustachio
D:5:      yredelemnul_altar_generic, minmay_temple_entry_from_below_a,
          serial_shops, shop_fountains
Sewer:    sewer_co_tree

Skill      XL: |  1  2  3  4  5  6  7  8 |
---------------+-------------------------+-----
Air Magic      | 5 6 7 8 |  8.2
Spellcasting   | 3 4 5 |  5.4
Fighting       | 2 3 |  3.8
Dodging        | 5 6 |  6.7
Stealth        | |  2.0
Conjurations   | |  1.3

Action                   |  1- 3 |  4- 6 |  7- 9 || total
-------------------------+-------+-------+-------++-------
Melee: Unarmed           |    13 |    16 |     4 ||    33
       Kick              |     4 |     4 |     6 ||    14
       Long sword        |       |       |    14 ||    14
       Peck              |       |       |     4 ||     4
 Cast: Shock             |    66 |   108 |   112 ||   286
       Airstrike         |       |       |    11 ||    11
 Abil: Fly               |       |       |     5 ||     5
  Eat: Chunk             |     3 |     2 |     9 ||    14
       Ration            |       |     1 |       ||     1
Armor: Robe              |    10 |     8 |    12 ||    30
Dodge: Dodged            |    24 |    24 |    50 ||    98
       Rpst.: Long sword |       |       |    10 ||    10

Table legend:
 A = Spawn XP
 B = Non-spawn XP
 C = Spawn XP percentage of total XP
 D = Spawn monster count
 E = Non-spawn monster count
 F = Spawn count percentage of total count
 G = Total turns spent on level
                    A         B        C        D         E        F      G
               +---------+---------+-------+---------+---------+-------+---------
         Total |       0 |    2121 |   0.0 |       0 |     109 |   0.0 |  5653
               +---------+---------+-------+---------+---------+-------+---------
           D:1 |       0 |      18 |   0.0 |       0 |      10 |   0.0 |  1041
           D:2 |       0 |      23 |   0.0 |       0 |      12 |   0.0 |   742
           D:3 |       0 |     246 |   0.0 |       0 |      26 |   0.0 |  1068
           D:4 |       0 |     931 |   0.0 |       0 |      23 |   0.0 |  1383
           D:5 |       0 |     301 |   0.0 |       0 |      10 |   0.0 |   197
         Sewer |       0 |     602 |   0.0 |       0 |      28 |   0.0 |  1222
               +---------+---------+-------+---------+---------+-------+---------
